 Dungeon Crawl Stone Soup version 0.21-a0-356-g45b0a09 (webtiles) character file.

46 Hasart the Shooter (level 3, -1/29 HPs)
             Began as a Centaur Hunter on Oct 12, 2017.
             Slain by a leopard gecko (2 damage)
             ... on level 2 of the Dungeon.
             The game lasted 00:03:57 (1260 turns).

Hasart the Shooter (Centaur Hunter)                 Turns: 1260, Time: 00:03:58

Health: -1/29      AC:  4    Str: 15    XL:     3   Next: 44%
Magic:  3/3        EV:  9    Int:  7    God:
Gold:   79         SH:  0    Dex:  9    Spells: 2/2 levels left

rFire    . . .     SeeInvis .   b - +0 short sword
rCold    . . .     Gourm    .   (no shield)
rNeg     . . .     Faith    .   c - +0 leather armour
rPois    .         Spirit   .   (no helmet)
rElec    .         Reflect  .   (no cloak)
rCorr    .         Harm     .   (no gloves)
MR       .....                  (no barding)
Stlth    +.........             (no amulet)
HPRegen  0.09/turn              o - -3 ring of intelligence (curse)
MPRegen  0.08/turn              (no ring)

@: very quick
A: hooves 3, deformed body, speed 2, tough skin 3
a: no special abilities


You were on level 2 of the Dungeon.
You were not hungry.

You visited 1 branch of the dungeon, and saw 2 of its levels.

You collected 79 gold pieces.

Inventory:

Hand Weapons
 a - a +1 shortbow
 b - a +0 short sword (weapon)
Missiles
 d - 4 arrows
Armour
 c - a +0 leather armour (worn)
Jewellery
 o - a cursed -3 ring of intelligence (left hand)
Scrolls
 e - 2 scrolls of identify {unknown}
 j - a scroll of fear {unknown}
 l - 4 scrolls of teleportation {unknown}
 m - a scroll of blinking {unknown}
 n - a scroll of amnesia {unknown}
 p - 2 scrolls of immolation {unknown}
Potions
 g - a potion of might {unknown}
 i - a potion of haste {unknown}
 k - a potion of cancellation {unknown}
 q - a potion of lignification {unknown}
 r - a potion of agility {unknown}
Comestibles
 f - a bread ration


   Skills:
 - Level 2.0 Fighting
 + Level 7.0 Bows
 - Level 1.3 Dodging
 - Level 0.4 Stealth


You had 2 spell levels left.
You didn't know any spells.

Dungeon Overview and Level Annotations

Branches:
Dungeon (2/15)

Altars:


Innate Abilities, Weirdness & Mutations

You have hooves in place of feet.
Armour fits poorly on your strangely shaped body.
You cover ground very quickly.
You have extremely tough skin. (AC +3)


Message History

You see here a stone.
The leopard gecko barely misses you.
You see here 2 arrows.
You barely miss the leopard gecko. The leopard gecko bites you.
You hit the leopard gecko.
The leopard gecko is moderately wounded.
The leopard gecko barely misses you.
You closely miss the leopard gecko.
The leopard gecko is lightly wounded.
The leopard gecko bites you.
* * * LOW HITPOINT WARNING * * *
The leopard gecko closely misses you.
You closely miss the leopard gecko.
The leopard gecko is lightly wounded.
The leopard gecko bites you.
* * * LOW HITPOINT WARNING * * *
You completely miss the leopard gecko. The leopard gecko barely misses you. x2
You closely miss the leopard gecko. The leopard gecko closely misses you.
You barely miss the leopard gecko. The leopard gecko bites you.
You die...

#..#.# #..#.# #..#(#
#..#(###### #.)........
#..(.##############
#....#............#
#########
#.l..#(##########.#
#.......#
#.@..#......<...#.#
##.####.#
#((..#######....#.# #.# #.#
#.(.......#######.# #.# #.#
#.(..####.(.......# #.#
##.###.(.############### #.#
#.......................
#.###..####)################
#...#.....#.#.#### #
#...#.#.....)....# #


You could see a leopard gecko.

Vanquished Creatures
  2 worms (D:2)
  3 leopard geckos (D:1)
  2 ball pythons (D:1)
  2 bats (D:1)
  7 hobgoblins
  A jackal (D:1)
  A frilled lizard (D:2)
  9 goblins
  2 kobolds (D:1)
  5 rats
34 creatures vanquished.

Notes
Turn   | Place    | Note
-------+----------+-------------------------------------------
     0 | D:1      | Hasart the Centaur Hunter began the quest for the Orb.
     0 | D:1      | Reached XP level 1. HP: 17/17 MP: 1/1
   257 | D:1      | Reached skill level 6 in Bows
   257 | D:1      | Reached XP level 2. HP: 19/24 MP: 2/2
  1196 | D:2      | Reached XP level 3. HP: 29/29 MP: 3/3
  1244 | D:2      | Reached skill level 7 in Bows
  1257 | D:2      | HP: 1/29 [leopard gecko (4)]
  1260 | D:2      | Slain by a leopard gecko

Vault maps used:
D:1:      shiori_shiawase, minmay_ruptured
D:2:      uniq_robin

Skill      XL: |  1  2  3 |
---------------+----------+-----
Bows           | 6 7 |  7.0
Fighting       | |  2.0
Dodging        | |  1.3
Stealth        | |  0.4

Action                   || total
-------------------------++-------
Melee: Short sword       ||    26
       Kick              ||     4
 Fire: Shortbow          ||    75
Armor: Leather armour    ||    11
Dodge: Dodged            ||    26

Table legend:
 A = Spawn XP
 B = Non-spawn XP
 C = Spawn XP percentage of total XP
 D = Spawn monster count
 E = Non-spawn monster count
 F = Spawn count percentage of total count
 G = Total turns spent on level
                    A         B        C        D         E        F      G
               +---------+---------+-------+---------+---------+-------+---------
         Total |       0 |      66 |   0.0 |       0 |      34 |   0.0 |  1260
               +---------+---------+-------+---------+---------+-------+---------
           D:1 |       0 |      31 |   0.0 |       0 |      18 |   0.0 |  1004
           D:2 |       0 |      35 |   0.0 |       0 |      16 |   0.0 |   256
               +---------+---------+-------+---------+---------+-------+---------
